 Dungeon Crawl Stone Soup version 0.31-a0-925-g0a390f2509 (webtiles) character file.

Game seed: 13860459058906695245

154 hadoken the Vexing (level 5, -1/30 (37) HPs)
             Began as a Demonspawn Enchanter on Oct 18, 2023.
             Slain by Terence
             ... wielding a +1 flail of draining
              (8 damage)
             ... on level 3 of the Dungeon.
             The game lasted 00:05:23 (2501 turns).

hadoken the Vexing (Demonspawn Enchanter)           Turns: 2501, Time: 00:05:24

HP:   -1/30 (37)    AC:  4    Str:  8    XL:     5   Next: 13%
MP:   4/8           EV: 11    Int: 17    God:
Gold: 172           SH:  4    Dex: 15    Spells: 5/8 levels left

rFire   . . .        a - +2 dagger
rCold   . . .        (no shield)
rNeg    . . .        e - +0 leather armour
rPois   .            c - +0 helmet
rElec   .            o - scarf {+Inv}
rCorr   .            (no gloves)
SInv    .            (no boots)
Will    .....        (no amulet)
Stlth   ++           (no ring)
HPRegen 0.25/turn    (no ring)
MPRegen 0.11/turn

%: no passive effects
@: heavily drained
A: large bone plates 1, demonic guardian 1
a: Evoke Invisibility


You were on level 3 of the Dungeon.
You visited 1 branch of the dungeon, and saw 3 of its levels.

You collected 172 gold pieces.

Inventory:

Hand Weapons
 a - a +2 dagger (weapon)
Armour
 b - a +0 robe
 c - a +0 helmet (worn)
 e - a +0 leather armour (worn)
 o - a scarf of invisibility (worn)
Jewellery
 j - an amulet of the acrobat
 l - a ring of poison resistance
 p - an amulet of faith
Talismans
 n - a flux talisman
Scrolls
 d - 3 scrolls of vulnerability
 h - a scroll of identify
 q - a scroll of enchant armour
Potions
 f - a potion of enlightenment
 i - a potion of resistance
 m - a potion of cancellation


   Skills:
 + Level 1.6 Fighting
 + Level 3.1 Short Blades
 - Level 1.7 Dodging
 - Level 2.6 Stealth
 - Level 2.0 Spellcasting
 + Level 4.3 Hexes


You had 5 spell levels left.
You knew the following spells:

 Your Spells              Type           Power      Damage    Failure   Level
a - Dazzling Flash        Conj/Hex       18%        N/A       34%         3

Your spell library contained the following spells:

 Spells                   Type           Power      Damage    Failure   Level
 Confusing Touch          Hex            16%        N/A       14%         3
 Tukima's Dance           Hex            16%        N/A       14%         3
 Ensorcelled Hibernation  Hex/Ice        18%        N/A       19%         2
 Kiss of Death            Conj/Necr      4%         2d5       28%         1
 Dispel Undead            Necr           1%         3d6       95%         4


Dungeon Overview and Level Annotations

Branches:
Dungeon (3/15)

Altars:
Okawaru
Wu Jian

Annotations:
D:3 Terence


Innate Abilities, Weirdness & Mutations

You are partially covered in large bone plates. (SH +4)
A weak demonic guardian rushes to your aid.


Message History

You hit Terence but do no damage. Terence closely misses you.
You hit Terence but do no damage. You block Terence's attack.
You hit Terence but do no damage. You hit Terence but do no damage.
Terence hits you with a +1 flail of draining.
You feel drained.
Okay, then.
You barely miss Terence. Terence shouts, "Now you die!"
Terence closely misses you.
You hit Terence but do no damage.
Terence hits you with a +1 flail of draining.
You feel drained.
You barely miss Terence.
Terence hits you with a +1 flail of draining.
You feel drained.
You completely miss Terence. Terence hits you but does no damage.
You feel drained.
You hit Terence but do no damage. You hit Terence.
Terence is lightly wounded.
Terence hits you with a +1 flail of draining.
You feel drained.
You hit Terence.
Terence is moderately wounded.
Terence closely misses you.
You hit Terence.
Terence is moderately wounded.
Terence hits you with a +1 flail of draining.
* * * LOW HITPOINT WARNING * * *
You feel drained.
* * * LOW HITPOINT WARNING * * *
You hit Terence but do no damage.
Terence is moderately wounded.
Terence barely misses you.
Your magical contamination has completely faded away.
You barely miss Terence.
Terence is moderately wounded.
Terence hits you with a +1 flail of draining!
You die...

#######)# #........ #........
#........ #........ #######.#
#.###### ##..
#......#################..#
#.....)..@@................
#####......##############...#.#
#....####### #...........
#....# #........... . #.)..#
#........... #.#....#
#........... #......#
#........... #....#####
#........... #..[.....#
#...........


You could see Terence.

Vanquished Creatures
  Robin (D:3)
  2 adders
  A dart slug (D:1)
  7 ball pythons
  4 endoplasms
  2 giant cockroaches
  10 goblins
  3 hobgoblins
  5 jackals
  A kobold (D:3)
  2 quokkas (D:1)
  2 bats (D:2)
  5 frilled lizards
45 creatures vanquished.

Vanquished Creatures (collateral kills)
  Natasha (twice) (D:3)
  An adder (D:2)
  3 worms (D:2)
  A dart slug (D:2)
  An endoplasm (D:2)
  2 goblins
  A kobold (D:2)
11 creatures vanquished.

Vanquished Creatures (others)
  A goblin (D:3)
1 creature vanquished.

Grand Total: 57 creatures vanquished

Notes
Turn   | Place    | Note
-------+----------+-------------------------------------------
     0 | D:1      | hadoken the Demonspawn Enchanter began the quest for the
                  | Orb.
     0 | D:1      | Reached XP level 1. HP: 13/13 MP: 3/3
   160 | D:1      | Found a faded altar of an unknown god.
   174 | D:1      | Gained mutation: A weak demonic guardian rushes to your
                  | aid. [demonic ancestry]
   174 | D:1      | Reached XP level 2. HP: 8/19 MP: 5/5
   191 | D:1      | Reached skill level 1 in Short Blades
   879 | D:2      | Reached skill level 4 in Hexes
   879 | D:2      | Gained mutation: You are partially covered in large bone
                  | plates. (SH +4) [demonic ancestry]
   879 | D:2      | Reached XP level 3. HP: 16/24 MP: 6/6
  1172 | D:2      | Learned a level 3 spell: Dazzling Flash
  1239 | D:2      | Found an ornate altar of the Wu Jian Council.
  1830 | D:3      | Reached XP level 4. HP: 23/31 MP: 4/7
  1901 | D:3      | Noticed Robin
  1928 | D:3      | Killed Robin
  1929 | D:3      | Reached skill level 1 in Fighting
  2080 | D:3      | Found an iron altar of Okawaru.
  2269 | D:3      | Noticed Natasha
  2297 | D:3      | Killed Natasha
  2304 | D:3      | Noticed Natasha
  2315 | D:3      | Killed Natasha
  2316 | D:3      | Reached XP level 5. HP: 3/37 MP: 8/8
  2476 | D:3      | Noticed Terence
  2501 | D:3      | Slain by Terence

Illustrated notes

Levels and vault maps discovered:
D:1:      dpeg_arrival_tiny_h, layout_rooms, shapermc_ecumenical_altar_gd
D:2:      layout_basic, basic_altar, kennysheep_boxes
D:3:      layout_basic, overflow_temple_1_default, uniq_terence, uniq_robin,
          uniq_natasha

Skill      XL: |  1  2  3  4 |
---------------+-------------+-----
Short Blades   | 1 2 3 |  3.1
Hexes          | 4 |  4.3
Fighting       | 1 |  1.6
Dodging        | |  1.7
Stealth        | |  2.6
Spellcasting   | |  2.0

Action                     |  1- 3 |  4- 6 || total
---------------------------+-------+-------++-------
  Melee: Dagger            |   141 |    72 ||   213
         Punch             |     1 |       ||     1
   Cast: Dazzling Flash    |     2 |     1 ||     3
    Use: Potion            |     6 |     4 ||    10
         Scroll            |       |     4 ||     4
   Stab: Sleeping          |     2 |     1 ||     3
         Invisible         |     2 |     5 ||     7
 Armour: Robe              |    38 |       ||    38
         Leather armour    |    37 |    39 ||    76
  Dodge: Dodged            |    89 |    41 ||   130
  Block: Other             |     8 |    10 ||    18

Table legend: (Time is in decaauts)
 A = Elapsed time spent in this place.
 B = Non-inter-level travel time spent in this place.
 C = Inter-level travel time spent in this place.
 D = Time resting spent in this place.
 E = Time spent auto-exploring this place.
 F = Levels seen in this place.
 G = Mean time per level.
                   A        B        C        D        E       F      G
               +--------+--------+--------+--------+--------+-----+--------+
         Total |   2514 |   2316 |    198 |    415 |   1357 |   3 |  838.0 |
       Dungeon |   2514 |   2316 |    198 |    415 |   1357 |   3 |  838.0 |
               +--------+--------+--------+--------+--------+-----+--------+

Top non-repeatable levels by time:
     D:2: 1033 daAuts
     D:1: 810 daAuts
     D:3: 670 daAuts
